 Dungeon Crawl Stone Soup version 0.20.0-15-g7f486f2 (webtiles) character file.

65 Pikken the Skirmisher (level 4, 0/29 HPs)
             Began as a Kobold Berserker on June 18, 2017.
             Was a Believer of Trog.
             Succumbed to an adder's poison
             ... on level 3 of the Dungeon.
             The game lasted 00:07:56 (2637 turns).

Pikken the Skirmisher (Kobold Berserker)            Turns: 2637, Time: 00:07:57

Health: 0/29       AC:  9    Str: 13 (15) XL:     4   Next: 35%
Magic:  4/4        EV: 12    Int: 10 (11) God:    Trog [**....]
Gold:   76         SH:  0    Dex: 13 (14) Spells: 3/3 levels left

rFire    . . .     SeeInvis .   a - +0 mace
rCold    . . .     Gourm    .   (shield restricted)
rNeg     . . .     Faith    .   e - +1 scale mail
rPois    .         Spirit   .   (no helmet)
rElec    .         Reflect  .   g - +2 cloak
rCorr    .         Harm     .   d - -2 pair of gloves (curse)
MR       .....                  (no boots)
Stlth    ..........             h - amulet of rage
Regen    0.1/turn               i - +3 ring of intelligence
MPRegen  0.1/turn               (no ring)

@: lethally poisoned (0 -> -5)
A: carnivore 3
a: Berserk, Trog's Hand, Burn Spellbooks, Renounce Religion, Evoke Berserk Rage


You were on level 3 of the Dungeon.
You worshipped Trog.
Trog was pleased with you.
You were very full.

You visited 1 branch of the dungeon, and saw 3 of its levels.

You collected 76 gold pieces.

Inventory:

Hand Weapons
 a - a +0 mace (weapon)
Armour
 d - a cursed -2 pair of gloves (worn)
 e - a +1 scale mail (worn)
 g - a +2 cloak (worn)
Jewellery
 b - an uncursed ring of wizardry {unknown}
 h - an amulet of rage (around neck)
 i - a +3 ring of intelligence (left hand)
Scrolls
 f - 2 scrolls of teleportation
Comestibles
 c - 2 meat rations


   Skills:
 + Level 4.0 Fighting
 + Level 3.4 Maces & Flails
 + Level 1.7 Armour
 + Level 3.2 Dodging
 + Level 0.4 Stealth


You had 3 spell levels left.
You didn't know any spells.

Dungeon Overview and Level Annotations

Branches:
Dungeon (3/15)

Altars:
Dithmenos


Innate Abilities, Weirdness & Mutations

You are small and have problems with some larger weapons.
You are carnivorous and can eat meat at any time.


Message History

Your skin crawls.
You feel resistant to hostile enchantments.
You feel somewhat less full. The adder barely misses you.
You feel the effects of Trog's Hand fading.
You feel sick.
There is an open door here.
The adder barely misses you.
You feel sick. The adder bites you.
* * * LOW HITPOINT WARNING * * *
You are more poisoned.
The adder poisons you!
Your skin stops crawling.
You feel less resistant to hostile enchantments.
* * * LOW HITPOINT WARNING * * *
You feel sick.
There is a stone staircase leading down here.
* * * LOW HITPOINT WARNING * * *
You feel sick. The adder bites you but does no damage.
You die...

#### ## # ..# ..
#.#####.# ###.
#.#.....##### #..
#.....##....# #.####
###)#.##....###...".
#..@.S......'...####
#.###.##....###...#
#. ...##....# ###.#
# ######....# ..#
###### ##


You could see an adder.

Vanquished Creatures
  An adder (D:2)
  An ooze (D:2)
  A worm (D:2)
  A leopard gecko (D:1)
  A giant cockroach (D:1)
  6 goblins
  7 hobgoblins
  6 jackals (D:1)
  A quokka (D:2)
  2 ball pythons
  5 bats
  3 frilled lizards
  6 kobolds
  6 rats
47 creatures vanquished.

Notes
Turn   | Place    | Note
-------+----------+-------------------------------------------
     0 | D:1      | Pikken the Kobold Berserker began the quest for the Orb.
     0 | D:1      | Reached XP level 1. HP: 14/14 MP: 1/1
   130 | D:1      | Reached XP level 2. HP: 15/19 MP: 2/2
   645 | D:1      | Reached XP level 3. HP: 23/24 MP: 3/3
  1227 | D:1      | Reached ** piety under Trog
  1294 | D:2      | Found a shadowy altar of Dithmenos.
  1784 | D:2      | Reached skill level 4 in Fighting
  1784 | D:2      | Reached XP level 4. HP: 20/29 MP: 4/4
  2626 | D:3      | HP: 1/29 [adder (2)]
  2636 | D:3      | HP: 1/29 [poisoned by an adder]
  2637 | D:3      | Succumbed to an adder's poison

Skill      XL: |  1  2  3 |
---------------+----------+-----
Maces & Flails | 3 |  3.4
Dodging        | 3 |  3.2
Fighting       | 4 |  4.0
Armour         | |  1.7
Stealth        | |  0.4

Action                   |  1- 3 |  4- 6 || total
-------------------------+-------+-------++-------
Melee: Mace              |   131 |    54 ||   185
Invok: Berserk           |     1 |       ||     1
       Trog's Hand       |       |     1 ||     1
  Use: Scroll            |     5 |     4 ||     9
       Potion            |     2 |       ||     2
  Eat: Chunk             |    12 |     2 ||    14
Armor: Animal skin       |    20 |       ||    20
       Scale mail        |    19 |    25 ||    44
Dodge: Dodged            |   139 |    42 ||   181
